 Dungeon Crawl Stone Soup version 0.26-a0-651-gb41185065b (webtiles) character file.

Game seed: 7059461635078124383

49 kae the Ruffian (level 3, -1/28 HPs)
             Began as a Draconian Transmuter on Oct 14, 2020.
             Slain by a worm (12 damage)
             ... on level 2 of the Dungeon.
             The game lasted 00:01:59 (1720 turns).

kae the Ruffian (Draconian Transmuter)              Turns: 1720, Time: 00:02:00

Health: -1/28      AC:  5    Str: 13    XL:     3   Next: 51%
Magic:  6/6        EV: 12    Int: 13    God:
Gold:   69         SH:  0    Dex: 11    Spells: 0/6 levels left

rFire    . . .     SeeInvis .   d - +0 whip
rCold    . . .     Faith    .   (no shield)
rNeg     . . .     Spirit   .   (armour unavailable)
rPois    .         Reflect  .   (helmet restricted)
rElec    .         Harm     .   (no cloak)
rCorr    .         Rampage  .   (no gloves)
MR       .....     Rnd*Tele +   (no boots)
Stlth    +.........             (no amulet)
HPRegen  0.09/turn              f - ring of teleportation (curse)
MPRegen  0.10/turn              (no ring)

@: no status effects
A: unfitting armour, cold-blooded, AC +5
a: no special abilities


You were on level 2 of the Dungeon.
You visited 1 branch of the dungeon, and saw 2 of its levels.

You collected 69 gold pieces.

Inventory:

Hand Weapons
 d - a +0 whip (weapon)
Jewellery
 b - an uncursed ring of stealth {unknown}
 f - a cursed ring of teleportation (left hand)
Scrolls
 a - a scroll of identify
Potions
 c - a potion of mutation
 e - 2 potions of might {unknown}


   Skills:
 - Level 1.1 Fighting
 - Level 1.7 Dodging
 * Level 4.1 Unarmed Combat
 - Level 2.0 Spellcasting
 + Level 2.7 Transmutations


You couldn't memorise any spells.
You knew the following spells:

 Your Spells              Type           Power        Failure   Level
a - Beastly Appendage     Tmut           #.....       9%          1
b - Wereblood             Tmut           #.......     13%         2
c - Spider Form           Tmut/Pois      #.........   41%         3

Your spell library contained the following spells:

 Spells                   Type           Power        Failure   Level
 Ice Form                 Ice/Tmut       #.......     82%         4
 Blade Hands              Tmut           #.........   93%         5


Dungeon Overview and Level Annotations

Branches:
Dungeon (2/15)

Altars:

Annotations:
D:2 Sigmund


Innate Abilities, Weirdness & Mutations

Your plain brown scales are hard. (AC +5)
You cannot fit into any form of body armour.
You are cold-blooded and may be slowed by cold attacks.


Message History

The worm bites you but does no damage.
You barely miss the worm. You hit the worm.
The worm is lightly wounded.
The worm bites you.
You are too injured to fight recklessly!
You are too injured to fight recklessly!
You are too injured to fight recklessly!
You are too injured to fight recklessly!
You hit the worm but do no damage.
The worm is lightly wounded.
The worm barely misses you.
You hit the worm but do no damage.
Your tail-slap misses the worm.
You hit the worm.
The worm is moderately wounded.
The worm bites you!
You hit the worm but do no damage.
The worm is lightly wounded.
The worm bites you!
You die...

#.############.........#
#.# #..######## #.# #..#
#.# #######).### #.#
...........# #.#
#######..#.# #.# #
#.....#.# #.#
#.####.###)#.# #.#
#.w@.........# #.#
######.###.###
#.#########.# #.#
#...........# #.#
######..#######.#
#..........#
#(###..##### #.# #..#
#.# #.<#


You could see a worm.

Vanquished Creatures
  A worm (D:2)
  2 dart slugs
  2 leopard geckos (D:1)
  2 giant cockroaches (D:1)
  6 goblins
  7 hobgoblins
  4 bats
  2 frilled lizards (D:2)
  3 kobolds
  12 rats
41 creatures vanquished.

Notes
Turn   | Place    | Note
-------+----------+-------------------------------------------
     0 | D:1      | kae the Draconian Transmuter began the quest for the Orb.
     0 | D:1      | Reached XP level 1. HP: 16/16 MP: 3/3
   193 | D:1      | Reached XP level 2. HP: 23/23 MP: 3/5
   443 | D:1      | Reached XP level 3. HP: 20/28 MP: 6/6
   777 | D:2      | Noticed Sigmund
   922 | D:2      | Reached skill level 4 in Unarmed Combat
   943 | D:2      | Learned a level 2 spell: Wereblood
   947 | D:2      | Learned a level 3 spell: Spider Form
  1720 | D:2      | Slain by a worm

Illustrated notes

Levels and vault maps discovered:
D:1:      grunt_arrival_crossed_arrows, layout_rooms
D:2:      layout_loops_ring, uniq_sigmund

Skill      XL: |  1  2  3 |
---------------+----------+-----
Unarmed Combat | 4 |  4.1
Fighting       | |  1.1
Dodging        | |  1.7
Spellcasting   | |  2.0
Transmutations | |  2.7

Action                   || total
-------------------------++-------
Melee: Unarmed           ||     9
       Whip              ||   128
       Kick              ||    12
       Headbutt          ||     7
       Tailslap          ||     7
       Punch             ||     3
 Cast: Beastly Appendage ||    13
  Use: Scroll            ||     4
 Stab: Sleeping          ||     2
Armor: Skin              ||    51
Dodge: Dodged            ||    98

Table legend: (Time is in decaauts)
 A = Elapsed time spent in this place.
 B = Non-inter-level travel time spent in this place.
 C = Inter-level travel time spent in this place.
 D = Time resting spent in this place.
 E = Time spent auto-exploring this place.
 F = Levels seen in this place.
 G = Mean time per level.
                   A        B        C        D        E       F      G
               +--------+--------+--------+--------+--------+-----+--------+
         Total |   1732 |   1657 |     75 |    250 |   1087 |   2 |  866.0 |
       Dungeon |   1732 |   1657 |     75 |    250 |   1087 |   2 |  866.0 |
               +--------+--------+--------+--------+--------+-----+--------+

Top non-repeatable levels by time:
     D:1: 1068 daAuts
     D:2: 664 daAuts
